 Dungeon Crawl Stone Soup version 0.24-a0-274-gb3763e6 (webtiles) character file.

Game seed: 3797245252577206908

172 MatthieuS the Charmwright (level 5, 0/41 HPs)
             Began as a Human Skald on Apr 26, 2019.
             Was an Initiate of Okawaru.
             Slain by an adder (4 damage)
             ... on level 3 of the Dungeon.
             The game lasted 00:04:42 (3169 turns).

MatthieuS the Charmwright (Human Skald)             Turns: 3169, Time: 00:04:43

Health: 0/41       AC:  3    Str: 16    XL:     5   Next: 83%
Magic:  4/9        EV: 12    Int: 19    God:    Okawaru [......]
Gold:   195        SH:  0    Dex: 13    Spells: 2/10 levels left

rFire    . . .     SeeInvis .   a - +0 spear
rCold    . . .     Gourm    .   (no shield)
rNeg     . . .     Faith    .   b - +0 leather armour
rPois    .         Spirit   .   (no helmet)
rElec    .         Reflect  .   (no cloak)
rCorr    .         Harm     .   (no gloves)
MR       .....                  (no boots)
Stlth    +.........             (no amulet)
HPRegen  0.13/turn              (no ring)
MPRegen  0.11/turn              (no ring)

@: mighty, brilliant, lethally poisoned (0 -> -7), lightly drained
A: no striking features
a: Renounce Religion


You were on level 3 of the Dungeon.
You worshipped Okawaru.
Okawaru was noncommittal.
You were not hungry.

You visited 1 branch of the dungeon, and saw 3 of its levels.

You collected 195 gold pieces.

Inventory:

Hand Weapons
 a - a +0 spear (weapon)
Armour
 b - a +0 leather armour (worn)
 g - a +0 helmet
   (You took it off Robin on level 2 of the Dungeon)
Scrolls
 d - 3 scrolls of teleportation {unknown}
 f - 6 scrolls of identify {unknown}
 n - 2 scrolls of remove curse {unknown}
 o - a scroll of immolation {unknown}
 p - a scroll of enchant armour {unknown}
Potions
 c - a potion of brilliance
 h - a potion of magic {unknown}
 k - a potion of heal wounds {unknown}
 l - a potion of haste {unknown}
 m - 2 potions of curing {unknown}
 q - a potion of ambrosia {unknown}
Comestibles
 e - 7 rations
 j - 4 chunks of flesh


   Skills:
 + Level 3.1(2.6) Fighting
 + Level 3.2(2.7) Polearms
 - Level 1.0(0.5) Armour
 - Level 2.0(1.5) Dodging
 + Level 3.1(2.6) Spellcasting
 - Level 3.5(3.0) Charms
 + Level 1.5(1.0) Invocations


You had 2 spell levels left.
You knew the following spells:

 Your Spells              Type           Power        Failure   Level  Hunger
a - Infusion              Chrm           ####         1%          1    #......
b - Spectral Weapon       Hex/Chrm       ###.....     4%          3    ###....
q - Song of Slaying       Chrm           ####....     1%          2    ##.....
A - Shroud of Golubria    Chrm/Tloc      ###.......   1%          2    ##.....

Your spell library contained the following spells:

 Spells                   Type           Power        Failure   Level  Hunger
 Summon Butterflies       Summ           ##......     2%          1    #......
 Regeneration             Chrm/Necr      ###.......   4%          3    ###....
 Call Canine Familiar     Summ           ##......     7%          3    ###....
 Summon Ice Beast         Ice/Summ       ##......     21%         4    #####..
 Summon Mana Viper        Hex/Summ       ##......     45%         5    ######.
 Summon Hydra             Summ           ##........   100%        7    #######


Dungeon Overview and Level Annotations

Branches:
Dungeon (3/15)

Altars:
Okawaru


Message History

The ball python bites you but does no damage.
The ball python constricts you. The orc hits you with a +0 short sword.
You closely miss the ball python. The ball python bites you.
* * * LOW HITPOINT WARNING * * *
* * * LOW HITPOINT WARNING * * *
The ball python constricts you. The orc closely misses you.
The ball python bites you but does no damage.
* * * LOW HITPOINT WARNING * * *
The ball python constricts you.
You escape the ball python's grasp.
The orc hits you with a +0 short sword.
* * * LOW HITPOINT WARNING * * *
The orc throws a stone.
The stone closely misses you. The orc barely misses you.
The rat twitches its whiskers.
You are no longer magically infusing your attacks.
The orc throws a stone.
The stone barely misses you.
The quokka twitches its whiskers.
The orc hits you but does no damage.
It was a potion of brilliance.
You feel clever all of a sudden. The orc misses you.
You barely miss the orc. You puncture the orc!
You kill the orc!
Okawaru accepts your kill.
You puncture the ball python!
You kill the ball python!
Okawaru accepts your kill.
The rat twitches its whiskers.
You closely miss the adder. The adder bites you but does no damage.
You hit the adder. The adder barely misses you. The adder bites you.
* * * LOW HITPOINT WARNING * * *
You are poisoned.
The adder poisons you!
You miss the adder.
You feel sick. The adder bites you.
* * * LOW HITPOINT WARNING * * *
You are more poisoned.
The adder poisons you!
You miss the adder.
You feel sick. The adder closely misses you.
Unknown command.
You hit the adder.
You feel sick. The adder barely misses you.
You closely miss the adder.
You feel sick. The adder closely misses you. The adder bites you.
* * * LOW HITPOINT WARNING * * *
You closely miss the adder.
* * * LOW HITPOINT WARNING * * *
You feel sick. The adder bites you.
* * * LOW HITPOINT WARNING * * *
You completely miss the adder. The adder bites you.
You die...

######### #.......# #.......#
##### ##.......# #...#
#........####### #...#
#.......(.)..go#########...#
#...........ooS@....##....#
#.......#...rr#####.....###
##.$((o..#.....###.......#######
...oo###.#####.(##.#####........
###o.# #.# #...)>### #.#######
#..(# #.# #........##.# ## .
#g#............[........##.... .
#..r##.....##......###......# .
.... (.....#.#........รท##### .


You could see an adder, 3 orcs, a quokka, a hobgoblin and a rat.

Vanquished Creatures
  An orc wizard (D:2)
  A centaur skeleton (D:3)
  Robin (D:2)
  An ooze (D:1)
  4 adder zombies (D:2)
  2 dart slugs
  A leopard gecko (D:3)
  4 orcs
  2 bat skeletons (D:2)
  A bat zombie (D:2)
  2 giant cockroaches (D:1)
  16 goblins
  12 hobgoblins
  3 jackals (D:1)
  4 kobolds
  2 ball pythons
  6 bats
  6 frilled lizards
  A giant cockroach zombie (D:2)
  A jackal skeleton (D:2)
  2 leopard gecko zombies (D:2)
  4 rats
77 creatures vanquished.

Notes
Turn   | Place    | Note
-------+----------+-------------------------------------------
     0 | D:1      | MatthieuS the Human Skald began the quest for the Orb.
     0 | D:1      | Reached XP level 1. HP: 16/16 MP: 3/3
   339 | D:1      | Reached XP level 2. HP: 21/22 MP: 1/5
   955 | D:1      | Reached XP level 3. HP: 28/28 MP: 0/6
  1613 | D:2      | Reached XP level 4. HP: 34/34 MP: 1/7
  1616 | D:2      | Noticed Robin
  1617 | D:2      | Found an iron altar of Okawaru.
  1939 | D:2      | Killed Robin
  2162 | D:2      | Became a worshipper of Warmaster Okawaru
  2168 | D:2      | Learned a level 2 spell: Song of Slaying
  2172 | D:2      | Learned a level 3 spell: Spectral Weapon
  2175 | D:2      | Learned a level 2 spell: Shroud of Golubria
  2519 | D:2      | Reached skill level 1 in Invocations
  2519 | D:2      | Reached XP level 5. HP: 13/41 MP: 3/9
  3169 | D:3      | Slain by an adder

Levels and vault maps discovered:
D:1:      wheals_arrival_shading, layout_basic, minmay_tetromino_i2
D:2:      layout_rooms, okawaru_gym_becter, serial_undead, serial_undead_b,
          serial_undead_a, serial_undead_d, serial_undead_b, serial_undead_a,
          serial_undead_d, uniq_robin
D:3:      layout_rooms, first_ration

Skill      XL: |  1  2  3  4  5 |
---------------+----------------+-----
Fighting       | 3 |  3.1
Polearms       | 3 |  3.2
Invocations    | 1 |  1.5
Spellcasting   | 3 |  3.1
Armour         | |  1.0
Dodging        | |  2.0
Charms         | |  3.5

Action                   |  1- 3 |  4- 6 || total
-------------------------+-------+-------++-------
Melee: Spear             |   103 |   176 ||   279
 Cast: Infusion          |    13 |    12 ||    25
  Use: Potion            |       |     3 ||     3
  Eat: Chunk             |     3 |     5 ||     8
Armor: Leather armour    |    38 |    40 ||    78
       Skin              |       |    50 ||    50
Dodge: Dodged            |   115 |   150 ||   265

Table legend:
 A = Non-vault XP
 B = Vault XP
 C = Vault XP percentage of total XP
 D = Non-vault monster count
 E = Vault monster count
 F = Vault count percentage of total count
                 A         B        C        D         E       F
            +---------+---------+-------+---------+---------+-------
      Total |     181 |      66 |  26.7 |      54 |      23 |  29.9
            +---------+---------+-------+---------+---------+-------
        D:1 |      46 |      11 |  19.3 |      22 |       7 |  24.1
        D:2 |      65 |      55 |  45.8 |      15 |      16 |  51.6
        D:3 |      70 |       0 |   0.0 |      17 |       0 |   0.0
            +---------+---------+-------+---------+---------+-------
